 Dungeon Crawl Stone Soup version 0.28-a0-268-g3f656e82c2 (webtiles) character file.

Game seed: 16069467331841248165

3201 SkeletonJelly the Carver (level 9, -5/133 HPs)
             Began as a Minotaur Chaos Knight on Aug 28, 2021.
             Was a Plaything of Xom.
             Slain by a nine-headed hydra (10 damage)
             ... on level 8 of the Dungeon.
             The game lasted 00:14:23 (8454 turns).

SkeletonJelly the Carver (Minotaur Chaos Knight)    Turns: 8454, Time: 00:14:24

Health: -5/133     AC: 15    Str: 20      XL:     9   Next: 65%
Magic:  2/8        EV:  6    Int:  9      God:    Xom [......]
Gold:   373        SH:  0    Dex:  5 (8)  Spells: 8/8 levels left

rFire   . . .      SeeInvis .   a - +0 falchion (chaos)
rCold   . . .      Faith    .   (no shield)
rNeg    . . .      Spirit   .   G - +0 plate armour
rPois   .          Reflect  .   (helmet unavailable)
rElec   +          Harm     .   g - +0 cloak
rCorr   .          Rampage  .   x - +0 pair of gloves
Will    .....                   o - +0 pair of boots
Stlth   ..........              B - amulet of regeneration
HPRegen 1.32/turn               l - ring of flight
MPRegen 0.11/turn               (no ring)

@: berserking, flying, studying Long Blades, unable to read, very quick
A: horns 3, retaliatory headbutt, clumsy 1, deterioration 1, mutation resistance
1, electricity resistance, inability to read while threatened, MP-powered wands
a: Renounce Religion


You were on level 8 of the Dungeon.
You worshipped Xom.
You were a very special plaything of Xom.
You visited 1 branch of the dungeon, and saw 8 of its levels.

You collected 373 gold pieces.

Inventory:

Hand Weapons
 a - a +0 falchion of chaos (weapon)
 m - a +1 short sword of protection
 s - a +3 short sword of freezing
 H - a +0 scimitar
Missiles
 e - 32 poisoned darts (quivered)
 p - 4 javelins
 F - 2 throwing nets
Armour
 b - a +2 leather armour
 g - a +0 cloak (worn)
 n - a +0 scale mail
 o - a +0 pair of boots (worn)
 x - a +0 pair of gloves (worn)
 G - a +0 plate armour (worn)
Jewellery
 l - a ring of flight (left hand)
 B - an amulet of regeneration (around neck)
 D - an amulet of guardian spirit
Wands
 r - a wand of iceblast (1)
 A - a wand of paralysis (9)
Scrolls
 c - 2 scrolls of fog {unknown}
 d - 4 scrolls of fear {unknown}
 f - 8 scrolls of identify {unknown}
 q - 2 scrolls of enchant armour {unknown}
 t - a scroll of enchant weapon {unknown}
 u - a scroll of teleportation {unknown}
 w - a scroll of holy word {unknown}
 y - 2 scrolls of magic mapping {unknown}
 C - a scroll of immolation {unknown}
 E - a scroll of vulnerability {unknown}
Potions
 h - 2 potions of flight
 i - 2 potions of brilliance
 j - a potion of heal wounds {unknown}
 k - a potion of lignification
 v - a potion of curing
 z - a potion of berserk rage


   Skills:
 + Level 11.2 Fighting
 - Level 14.0 Long Blades
 + Level 4.9 Armour
 - Level 1.1 Dodging


You had 8 spell levels left.
You didn't know any spells.
Your spell library contained the following spells:

 Spells                   Type           Power      Damage    Failure   Level
 Magic Dart               Conj           0%         1d3       100%        1
 Call Imp                 Summ           0%         N/A       100%        2
 Passwall                 Tmut/Erth      0%         N/A       100%        2
 Dazzling Flash           Conj/Hex       0%         N/A       100%        3
 Gell's Gravitas          Tloc           0%         N/A       100%        3
 Lesser Beckoning         Tloc           0%         N/A       100%        3
 Mephitic Cloud           Conj/Pois/Air  0%         N/A       100%        3
 Swiftness                Air            0%         N/A       100%        3
 Teleport Other           Tloc           0%         N/A       100%        3
 Tukima's Dance           Hex            0%         N/A       100%        3
 Iskenderun's Mystic Bla  Conj/Tloc      0%         2d3       100%        4
 Passage of Golubria      Tloc           N/A        N/A       100%        4
 Agony                    Necr           0%         N/A       100%        5
 Silence                  Hex/Air        0%         N/A       100%        5
 Yara's Violent Unravell  Hex/Tmut       0%         3d3       100%        5
 Invisibility             Hex            0%         N/A       100%        6
 Starburst                Conj/Fire      0%         6d3       100%        6


Dungeon Overview and Level Annotations

Branches:
Dungeon (8/15)             Temple (0/1) D:4
   Lair: D:8-11

Altars:
Cheibriados
Dithmenos
Gozag
Makhleb
Uskayaw
Vehumet
Xom
Yredelemnul
Zin
The Shining One

Shops:
D:3 [


Innate Abilities, Weirdness & Mutations

You have a pair of large horns on your head.
You reflexively headbutt those who attack you in melee.
You are clumsy. (Dex -2)
Your body sometimes deteriorates upon taking damage.
You are somewhat resistant to further mutation.
You are resistant to electric shocks. (rElec)
You sometimes lose the ability to read scrolls when taking damage.
You expend magic power (3 MP) to strengthen your wands.


Message History

The four-headed hydra roars! "This might be better!"
The four-headed hydra seems to speed up.
Okay, then.
Aiming: Iceblast
Press: ? - help, Shift-Dir - straight line, f - four-headed hydra
Aim: a four-headed hydra (fast)
You feel a surge of power!
The mass of ice explodes!
The iceblast engulfs the four-headed hydra!!
The four-headed hydra is moderately wounded. "Get over here!"
The four-headed hydra blinks!
You are now a very special plaything of Xom.
The four-headed hydra barely misses you.
You furiously retaliate!
You headbutt the four-headed hydra! The four-headed hydra bites you. x3
You take 13 damage, and have 76/89 hp.
You now have 5/8 mp.
Aiming: Paralyse
Press: ? - help, Shift-Dir - straight line, f/p - four-headed hydra
Aim: a four-headed hydra (heavily wounded, fast, chance to affect: 18%)
You feel a slight surge of power.
The four-headed hydra resists with almost no effort.
The four-headed hydra bites you but does no damage.
The four-headed hydra bites you!
Your body deteriorates!
You feel clumsy. The four-headed hydra bites you!
You feel threatened and lose the ability to read scrolls!
Your body deteriorates!
You feel clumsy.
The four-headed hydra bites you but does no damage.
You take 20 damage, and have 56/89 hp.
MASSIVE DAMAGE!!
You now have 2/8 mp.
Aiming: Paralyse
Press: ? - help, Shift-Dir - straight line, f/p - four-headed hydra
Aim: a four-headed hydra (heavily wounded, fast, chance to affect: 17%)
Okay, then.
You cannot read scrolls in your current state!
Unknown command.
It was a potion of curing.
You feel better.
Xom roars with laughter!
The four-headed hydra bites you!
The four-headed hydra bites you but does no damage.
The four-headed hydra bites you!
Your body deteriorates!
You feel clumsy.
The four-headed hydra bites you but does no damage.
The four-headed hydra bites you. The four-headed hydra bites you!
The four-headed hydra bites you but does no damage.
The four-headed hydra barely misses you.
You take 24 damage, and have 32/89 hp.
MASSIVE DAMAGE!!
It was a potion of berserk rage.
A red film seems to cover your vision as you go berserk!
You feel yourself moving faster!
You feel mighty! The four-headed hydra bites you.
The four-headed hydra bites you but does no damage.
The four-headed hydra bites you!
* * * LOW HITPOINT WARNING * * *
The four-headed hydra bites you.
* * * LOW HITPOINT WARNING * * *
You now have 36/133 hp.
You hack one of the four-headed hydra's heads off!
The three-headed hydra grows two more!
You slash the five-headed hydra! You burn the five-headed hydra.
The five-headed hydra is heavily wounded.
The five-headed hydra bites you!
* * * LOW HITPOINT WARNING * * *
The five-headed hydra bites you!
* * * LOW HITPOINT WARNING * * *
The five-headed hydra bites you!
* * * LOW HITPOINT WARNING * * *
The five-headed hydra bites you but does no damage.
The five-headed hydra bites you.
* * * LOW HITPOINT WARNING * * *
You take 29 damage, and have 7/133 hp.
MASSIVE DAMAGE!!
You lop one of the five-headed hydra's heads off!
The four-headed hydra grows two more!
You slash the six-headed hydra! You freeze the six-headed hydra.
The six-headed hydra is heavily wounded.
You chop one of the six-headed hydra's heads off!
The five-headed hydra grows two more!
You slash the seven-headed hydra! You burn the seven-headed hydra.
The seven-headed hydra is heavily wounded.
The seven-headed hydra bites you but does no damage.
The seven-headed hydra bites you.
* * * LOW HITPOINT WARNING * * *
The seven-headed hydra bites you but does no damage. x4
The seven-headed hydra bites you.
* * * LOW HITPOINT WARNING * * *
You take 6 damage, and have 2/133 hp.
You are too berserk!
You lop one of the seven-headed hydra's heads off!
The six-headed hydra grows two more!
You slice the eight-headed hydra!!
You feel better.
The eight-headed hydra is severely wounded.
You regained 3 hp, and now have 5/133 hp.
You hack one of the eight-headed hydra's heads off!
The seven-headed hydra grows two more!
You slash the nine-headed hydra! You burn the nine-headed hydra.
The nine-headed hydra is severely wounded.
The nine-headed hydra bites you but does no damage.
The nine-headed hydra bites you!
You die...
Xom howls with laughter!

..)..........#
.....>#.....##
#########...#
...#... #.†##
...#... ##..#
....... #..#
....... #††#
..y....
##.##...yh..
#.@#.......
##.D.......
#.........
#.........
##.....##.
##....# $..$.#
.....# .....#


You could see a nine-headed hydra (fast).

Vanquished Creatures
  A wyvern (D:4)
  Eustachio (D:5)
  Menkaure (D:4)
  A water moccasin (D:6)
  Duvessa (D:7)
  A hornet zombie (D:8)
  2 orc warriors
  3 sky beasts
  2 black bears (D:8)
  4 ogres
  A kobold brigand (D:4)
  2 bullfrogs
  A gnoll sergeant (D:7)
  A scorpion (D:6)
  Dowan (D:7)
  A water moccasin zombie (D:5)
  A water moccasin skeleton (D:6)
  3 killer bees (D:8)
  3 howler monkeys
  2 centaur zombies (D:7)
  A bullfrog zombie (D:6)
  A gnoll shaman (D:5)
  3 hounds
  A jelly (D:7)
  4 orc priests
  Jessica (D:2)
  2 bullfrog skeletons
  2 iguanas (D:5)
  4 orc wizards
  7 gnolls
  5 adders
  A shadow imp (D:4)
  A white imp (D:5)
  2 worms
  2 dart slugs
  20 orcs
  4 ball pythons
  7 endoplasms
  2 giant cockroaches
  7 goblins
  7 hobgoblins
  6 kobolds
  8 quokkas
  5 bats
  2 frilled lizards
  3 rats
  A spectral goblin (D:1)
142 creatures vanquished.

Notes
Turn   | Place    | Note
-------+----------+-------------------------------------------
     0 | D:1      | SkeletonJelly the Minotaur Chaos Knight began the quest for
                  | the Orb.
     0 | D:1      | Reached XP level 1. HP: 19/19 MP: 0/0
    80 | D:1      | Reached skill level 4 in Long Blades
   226 | D:1      | Reached XP level 2. HP: 26/27 MP: 1/1
   264 | D:1      | XOM: divination: detect creatures
   269 | D:1      | XOM: divination: detect creatures
   280 | D:1      | Found a faded altar of an unknown god.
   683 | D:1      | XOM is BORED!
   683 | D:1      | XOM: summons 2 hostile demons
   684 | D:1      | Noticed a crimson imp
  1152 | D:2      | Found a radiant altar of Vehumet.
  1193 | D:2      | Reached XP level 3. HP: 29/33 MP: 2/2
  1346 | D:2      | Noticed Jessica
  1346 | D:2      | XOM: noise
  1348 | D:2      | Killed Jessica
  1349 | D:2      | Reached skill level 5 in Long Blades
  1777 | D:3      | Reached XP level 4. HP: 27/41 MP: 3/3
  1941 | D:3      | Found Ulutwyh's Armour Boutique.
  2075 | D:3      | Found a hide-covered altar of Uskayaw.
  2175 | D:3      | XOM: smoke on damage
  2575 | D:3      | XOM: potion effect (haste)
  2990 | D:3      | XOM: fake destruction
  3008 | D:3      | Reached skill level 5 in Fighting
  3008 | D:3      | Reached skill level 6 in Long Blades
  3008 | D:3      | Reached XP level 5. HP: 11/48 MP: 4/4
  3219 | D:3      | XOM: give mutations
  3219 | D:3      | Gained mutation: You are somewhat resistant to further
                  | mutation. [Xom's grace]
  3219 | D:3      | Gained mutation: You expend magic power (3 MP) to
                  | strengthen your wands. [Xom's grace]
  3327 | D:4      | Found a shimmering altar of Xom.
  3463 | D:4      | Found a staircase to the Ecumenical Temple.
  3693 | D:4      | Reached skill level 7 in Long Blades
  3693 | D:4      | Reached XP level 6. HP: 54/56 MP: 5/5
  3749 | D:4      | XOM: scenery: create altars
  3752 | D:4      | Found a glowing golden altar of the Shining One.
  3755 | D:4      | Found a shadowy altar of Dithmenos.
  3755 | D:4      | Found an opulent altar of Gozag.
  3760 | D:4      | Found a basalt altar of Yredelemnul.
  4000 | D:4      | Noticed a sky beast
  4002 | D:4      | XOM: noise
  4012 | D:4      | XOM: confusion (+ monsters)
  4015 | D:4      | XOM: divination: detect creatures
  4024 | D:4      | XOM: potion effect (berserk rage)
  4143 | D:4      | Noticed a wyvern
  4147 | D:4      | XOM: divination: detect creatures
  4148 | D:4      | XOM: cast spell 'Cause Fear'
  4163 | D:4      | Killed a sky beast
  4164 | D:4      | Reached skill level 8 in Long Blades
  4170 | D:4      | Killed a wyvern
  4171 | D:4      | Reached XP level 7. HP: 64/64 MP: 0/6
  4315 | D:4      | Found a snail-covered altar of Cheibriados.
  4496 | D:5      | Entered Level 5 of the Dungeon
  4498 | D:5      | XOM: enchant monster (bad)
  4510 | D:5      | Reached skill level 9 in Long Blades
  4587 | D:4      | XOM: give mutations
  4587 | D:4      | Gained mutation: Your mind is acute. (Int +2) [Xom's grace]
  4587 | D:4      | Gained mutation: You are resistant to electric shocks.
                  | (rElec) [Xom's grace]
  4986 | D:3      | XOM: draining
  4993 | D:4      | Reached skill level 10 in Long Blades
  5119 | D:5      | Noticed Menkaure
  5425 | D:4      | XOM: summons 6 friendly demons
  5429 | D:4      | Killed Menkaure
  5634 | D:5      | Reached XP level 8. HP: 69/73 MP: 7/7
  5652 | D:5      | XOM: give mutations
  5652 | D:5      | Gained mutation: You have large cloven feet. [Xom's
                  | mischief]
  5652 | D:5      | Lost mutation: Your mind is acute. (Int +2) [Xom's
                  | mischief]
  5745 | D:5      | Reached skill level 11 in Long Blades
  5752 | D:5      | XOM: 2-stop teleportation journey
  5753 | D:5      | XOM: chaos upgrade
  6106 | D:5      | XOM: scenery: create altars
  6113 | D:5      | Reached skill level 12 in Long Blades
  6117 | D:5      | XOM: summons 8 friendly demons
  6290 | D:5      | Noticed Eustachio
  6319 | D:5      | Killed Eustachio
  6453 | D:6      | Reached skill level 13 in Long Blades
  6782 | D:6      | Reached XP level 9. HP: 72/82 MP: 8/8
  6786 | D:6      | Reached skill level 14 in Long Blades
  6972 | D:6      | XOM: stat loss: -1 Str (19/20)
  7165 | D:7      | XOM: stat loss: -1 Int (8/9)
  7451 | D:7      | Found a burning altar of Makhleb.
  7483 | D:7      | XOM: give mutations
  7483 | D:7      | Gained mutation: You are clumsy. (Dex -2) [Xom's mischief]
  7483 | D:7      | Gained mutation: You sometimes lose the ability to read
                  | scrolls when taking damage. [Xom's mischief]
  7483 | D:7      | Lost mutation: You have large cloven feet. [Xom's mischief]
  7525 | D:7      | XOM: noise
  7671 | D:7      | Reached skill level 10 in Fighting
  7698 | D:7      | Noticed Duvessa
  7698 | D:7      | Noticed Dowan
  7706 | D:7      | XOM: smoke on damage
  7709 | D:7      | Killed Duvessa
  7713 | D:7      | Killed Dowan
  7931 | D:7      | XOM: torment (44/86 hp)
  7956 | D:7      | XOM: give mutations
  7956 | D:7      | Gained mutation: You have a pair of large horns on your
                  | head. [Xom's mischief]
  7956 | D:7      | Gained mutation: Your body sometimes deteriorates upon
                  | taking damage. [Xom's mischief]
  8035 | D:7      | XOM: summons 4 hostile shadow creatures
  8042 | D:7      | XOM: 9-stop teleportation journey
  8318 | D:8      | XOM: summons 9 friendly demons
  8358 | D:8      | Found a glowing silver altar of Zin.
  8411 | D:8      | XOM: swap monsters
  8444 | D:8      | Noticed a four-headed hydra
  8445 | D:8      | XOM: enchant monster (bad)
  8446 | D:8      | XOM: blink monster(s)
  8452 | D:8      | HP: 4/133 [seven-headed hydra (4)]
  8454 | D:8      | Slain by a nine-headed hydra

Illustrated notes

Levels and vault maps discovered:
D:1:      erik_arrival_triangle_medium, layout_basic,
          dreamdust_ecumenical_altar_drowned_temple, minmay_misc_feat_roman,
          minivault_11
D:2:      layout_loops_ring, basic_altar, uniq_jessica
D:3:      layout_basic, nicolae_overflow_hidden_temple, serial_shops,
          nicolae_shop_temple_entry_statues_fountains, serial_bayou_pond_e,
          grunt_decor_fettered, minmay_misc_feat_encased
D:4:      layout_basic, mainiacjoe_overflow_alcove_2,
          grunt_temple_overflow_open, cheibrodos_worm_habitat,
          minmay_temple_entry_wispy, minmay_manual_mullet
D:5:      layout_cave_pools, kennysheep_big_empty_room, uniq_eustachio,
          uniq_menkaure
D:6:      layout_basic
D:7:      layout_loops_corners, makhleb_heckhound_becter, uniq_duvessa
D:8:      minmay_the_grid_octo_tiled_octocenter [minmay_the_grid_octo_pinwheel,
          minmay_the_grid_octo_odd_swirl, minmay_the_grid_octo_toaster,
          minmay_the_grid_octo_clover,
          minmay_the_grid_octo_prize_square_snowflake,
          minmay_the_grid_square_5x5_two_small,
          minmay_the_grid_square_5x5_tetrominoes,
          minmay_the_grid_square_5x5_forky,
          minmay_the_grid_square_5x5_three_walls], layout_layer_cave,
          zin_statuary, small_chamber_with_monster

Skill      XL: |  1  2  3  4  5  6  7  8  9 |
---------------+----------------------------+-----
Long Blades    | 4 5 6 7 8 10 13 14 | 14.0
Fighting       | 4 5 6 7 8 11 | 11.2
Armour         | 4 |  4.9
Dodging        | |  1.1

Action                   |  1- 3 |  4- 6 |  7- 9 || total
-------------------------+-------+-------+-------++-------
Melee: Falchion          |    71 |   124 |   277 ||   472
       Headbutt          |    12 |    15 |    48 ||    75
Throw: Dart              |       |     3 |     7 ||    10
Evoke: Wand              |       |     4 |     4 ||     8
  Use: Potion            |       |     3 |     2 ||     5
 Stab: Petrifying        |       |       |     1 ||     1
Armor: Leather armour    |    37 |       |       ||    37
       Scale mail        |     1 |    42 |    79 ||   122
       Skin              |       |     3 |     2 ||     5
       Plate armour      |       |       |    46 ||    46
Dodge: Dodged            |    53 |    48 |    80 ||   181

Table legend: (Time is in decaauts)
 A = Elapsed time spent in this place.
 B = Non-inter-level travel time spent in this place.
 C = Inter-level travel time spent in this place.
 D = Time resting spent in this place.
 E = Time spent auto-exploring this place.
 F = Levels seen in this place.
 G = Mean time per level.
                   A        B        C        D        E       F      G
               +--------+--------+--------+--------+--------+-----+--------+
         Total |   8363 |   8121 |    242 |    132 |   6901 |   8 | 1045.4 |
       Dungeon |   8363 |   8121 |    242 |    132 |   6901 |   8 | 1045.4 |
               +--------+--------+--------+--------+--------+-----+--------+

Top non-repeatable levels by time:
     D:4: 2168 daAuts
     D:3: 1452 daAuts
     D:1: 1000 daAuts
     D:2: 954 daAuts
     D:7: 925 daAuts
     D:5: 846 daAuts
     D:6: 696 daAuts
     D:8: 318 daAuts
